 Dungeon Crawl Stone Soup version 0.16-a0-2034-ge585701 (webtiles) character file.

342 Fiveotanaka the Basher (level 6, -23/62 HPs)
             Began as an Ogre Berserker on Nov 10, 2014.
             Was a Priest of Trog.
             Annihilated by an ogre
             ... wielding a +0 giant spiked club
              (26 damage)
             ... on level 4 of the Dungeon.
             The game lasted 00:14:35 (2926 turns).

Fiveotanaka the Basher (Ogre Berserker)             Turns: 2926, Time: 00:14:35

Health: -23/62     AC:  8    Str: 24    XL:     6   Next: 57%
Magic:  6/6        EV: 10    Int:  6    God:    Trog [***...]
Gold:   164        SH:  0    Dex: 10    Spells: 0 memorised, 5 levels left

rFire  . . .     SeeInvis .     q - +0 flail (protect)
rCold  . . .     Clarity  .     b - +0 animal skin
rNeg   + . .     SustAb   .     (shield restricted)
rPois  .         Gourm    .     (helmet restricted)
rElec  .         Spirit   .     (no cloak)
rCorr  .         Warding  +     (gloves unavailable)
rMut   .         Stasis   .     (boots unavailable)
MR     .....                    k - amulet of warding
Stlth  +.........               (no ring)
                                (no ring)

@: not resistant to hostile enchantments, very unstealthy
A: unfitting armour, tough skin 1
a: Burn Spellbooks, Berserk, Trog's Hand, Renounce Religion


You were on level 4 of the Dungeon.
You worshipped Trog.
Trog was most pleased with you.
You were hungry.

You visited 1 branch of the dungeon, and saw 4 of its levels.

You collected 164 gold pieces.

Inventory:

Hand weapons
 q - a +0 flail of protection (weapon)
Armour
 b - a +0 animal skin (worn)
Jewellery
 h - an uncursed amulet of resist corrosion {unknown}
 k - an amulet of warding (around neck)
Magical devices
 f - a wand of enslavement (11)
Scrolls
 d - a scroll of teleportation {unknown}
 i - a scroll of remove curse
Potions
 a - a potion of might {unknown}
 e - a potion of haste {unknown}
 g - a potion of lignification {unknown}
 j - a potion of restore abilities {unknown}
 l - a potion of agility
 m - 2 potions of cancellation {unknown}
 n - 3 potions of curing {unknown}
Comestibles
 c - a meat ration
 p - 2 bread rations


   Skills:
 - Level 4.0 Fighting
 + Level 9.4 Maces & Flails
 - Level 1.5 Armour
 - Level 1.8 Dodging


You had 5 spell levels left.
You didn't know any spells.

Dungeon Overview and Level Annotations

Branches:
Dungeon (4/15)
 Temple: D:4-7

Altars:
Cheibriados
Kikubaaqudgha
Nemelex Xobeh
Sif Muna


Innate Abilities, Weirdness & Mutations

You are too large for most types of armour.
You have tough skin (AC +1).


Message History

The ogre is severely wounded.
The ogre hits you with a giant spiked club!
* * * LOW HITPOINT WARNING * * *
You barely miss the ogre.
The ogre is severely wounded.
The ogre hits you with a giant spiked club!
* * * LOW HITPOINT WARNING * * *
You see here a club.
You closely miss the ogre.
The ogre is heavily wounded.
The ogre barely misses you.
You completely miss the ogre.
The ogre is heavily wounded.
The ogre hits you with a giant spiked club!
* * * LOW HITPOINT WARNING * * *
You barely miss the ogre.
The ogre is heavily wounded.
You are feeling hungry.
The ogre hits you with a giant spiked club!!
You die...

...#.#.######.#
#####.#.# #.#
..#.# #.#
#########.# #.#
......# #.# #.#
#####.# #.# #.#
#.# . #.# #.#
#.# #.# #@# #.#
#######O## #.#
#........# #.#
#.######## #.#
#.# #.# #.# #.#
#.# #.# #.#
#.####.#


You could see an ogre.

Vanquished Creatures
  Grinder (D:3)
  3 gnolls (D:2)
  6 adders
  A worm (D:4)
  A giant gecko (D:3)
  2 ball pythons
  5 bats
  2 giant cockroaches
  5 hobgoblins
  11 jackals
  7 kobolds
  3 giant newts (D:3)
  4 goblins
  2 quokkas
  9 rats
62 creatures vanquished.

Vanquished Creatures (others)
  A goblin (D:2)
1 creature vanquished.

Grand Total: 63 creatures vanquished

Notes
Turn   | Place    | Note
--------------------------------------------------------------
     0 | D:1      | Fiveotanaka, the Ogre Berserker, began the quest for the Orb.
     0 | D:1      | Reached XP level 1. HP: 24/24 MP: 1/1
   235 | D:1      | Reached XP level 2. HP: 30/32 MP: 2/2
   317 | D:1      | Reached skill level 5 in Maces & Flails
   611 | D:1      | Reached XP level 3. HP: 39/39 MP: 3/3
   845 | D:2      | Found an ancient bone altar of Kikubaaqudgha.
   890 | D:2      | Acquired Trog's second power
  1151 | D:2      | Found a sparkling altar of Nemelex Xobeh.
  1190 | D:2      | Reached skill level 6 in Maces & Flails
  1236 | D:2      | Found a snail-covered altar of Cheibriados.
  1272 | D:2      | Reached XP level 4. HP: 41/48 MP: 4/4
  1690 | D:2      | Found a deep blue altar of Sif Muna.
  2069 | D:3      | Noticed Grinder
  2075 | D:3      | Paralysed by Grinder for 5 turns
  2114 | D:3      | Killed Grinder
  2114 | D:3      | Reached skill level 9 in Maces & Flails
  2114 | D:3      | Reached XP level 5. HP: 33/54 MP: 5/5
  2114 | D:3      | Reached XP level 6. HP: 37/62 MP: 6/6
  2919 | D:4      | HP: 2/62 [ogre/giant spiked club (12)]
  2926 | D:4      | Annihilated by an ogre

Action                   |  1- 3 |  4- 6 || total
-------------------------+-------+-------++-------
Melee: Mace              |   101 |       ||   101
       Flail             |       |    97 ||    97
Invok: Berserk           |       |     1 ||     1
  Use: Scroll            |       |     5 ||     5
  Eat: Chunk             |     1 |     6 ||     7
